 Dungeon Crawl Stone Soup version 0.27-a0-124-g19cb506db8 (webtiles) character file.

Game seed: 11398699079674277881

17 tsouns the Slasher (level 2, -1/21 HPs)
             Began as an Octopode Chaos Knight on Jan 26, 2021.
             Was a Plaything of Xom.
             Slain by a jackal (2 damage)
             ... on level 1 of the Dungeon.
             The game lasted 00:00:38 (381 turns).

tsouns the Slasher (Octopode Chaos Knight)           Turns: 381, Time: 00:00:39

Health: -1/21      AC:  1    Str: 11    XL:     2   Next: 62%
Magic:  2/2        EV:  9    Int: 14    God:    Xom [..*...]
Gold:   0          SH:  0    Dex: 11    Spells: 1/1 levels left

rFire    . . .     SeeInvis .   a - +0 falchion (chaos)
rCold    . . .     Faith    .   (no shield)
rNeg     . . .     Spirit   .   (helmet restricted)
rPois    .         Reflect  .   (no amulet)
rElec    .         Harm     .   e - -4 ring of evasion (curse)
rCorr    .         Rampage  .   (no ring)
Will     .....                  (no ring)
Stlth    ++........             (no ring)
HPRegen  0.07/turn              (no ring)
MPRegen  0.08/turn              (no ring)
                                (no ring)
                                (no ring)

@: no status effects
A: almost no armour, stealthy swim, amphibious, 8 rings, constrict 8, camouflage
1, gelatinous body 1
a: Renounce Religion


You were on level 1 of the Dungeon.
You worshipped Xom.
You were a toy of Xom.
You visited 1 branch of the dungeon, and saw 1 of its levels.

Inventory:

Hand Weapons
 a - a +0 falchion of chaos (weapon)
Missiles
 c - 4 javelins (quivered)
Jewellery
 e - a cursed -4 ring of evasion (left tentacle)
Scrolls
 b - a scroll of fear {unknown}
 d - a scroll of noise {unknown}
 f - a scroll of amnesia {unknown}
 g - a scroll of remove curse {unknown}


   Skills:
 + Level 3.2 Fighting
 + Level 3.2 Long Blades
 + Level 0.6 Throwing
 + Level 2.6 Dodging


You had one spell level left.
You didn't know any spells.
Your spell library was empty.

Dungeon Overview and Level Annotations

Branches:
Dungeon (1/15)

Altars:


Innate Abilities, Weirdness & Mutations

You cannot wear most types of armour.
You are very stealthy in the water. (Stealth+)
You are amphibious.
You can wear up to eight rings at the same time.
You can use your tentacles to constrict eight enemies at once.
Your skin changes colour to match your surroundings (Stealth+).
Your rubbery body absorbs attacks. (AC +1, EV +1)


Message History

You hit the bat.
The bat flickers and vanishes!
Deactivating autopickup; reactivate with Ctrl-A.
Xom is mildly amused.
Something hits you but does no damage.
The kobold throws a stone.
Something hits you but does no damage.
You hit something.
Reactivating autopickup.
You feel a bit more experienced.
The kobold throws a stone.
The stone barely misses you.
You hit the jackal but do no damage.
The jackal flickers and vanishes!
Deactivating autopickup; reactivate with Ctrl-A.
Xom thinks this is hilarious!
Something bites you.
* * * LOW HITPOINT WARNING * * *
The kobold throws a stone.
Something bites you.
* * * LOW HITPOINT WARNING * * *
You hit something but do no damage. You squeeze something.
The kobold throws a stone.
The stone hits you but does no damage. Something bites you.
You die...

≈≈≈≈<..≈≈≈≈≈≈#
≈≈≈..>≈≈≈≈≈≈≈#
≈≈.≈≈≈≈≈≈≈≈≈≈##
≈≈.≈≈≈≈≈≈≈≈≈≈.#
≈≈.≈≈≈≈≈≈≈≈≈≈.#
8≈≈.≈≈≈≈≈8≈≈≈.#
≈≈≈≈.≈≈≈≈≈≈≈#.#######.#
≈≈≈≈.≈≈≈≈≈≈##.........#
≈≈≈.≈≈≈≈≈≈######@######
...######## #{# .....#


#Kh .....# Bbh. .....# ..... .....# ....... .....# ........ .....# ......[..#
.....# You could see 2 jackals, a giant cockroach, a bat and a kobold.

Vanquished Creatures
  A gnoll (D:1)
  2 bats (D:1)
  A hobgoblin (D:1)
  2 kobolds (D:1)
  A goblin (D:1)
  A rat (D:1)
8 creatures vanquished.

Notes
Turn   | Place    | Note
-------+----------+-------------------------------------------
     0 | D:1      | tsouns the Octopode Chaos Knight began the quest for the
                  | Orb.
     0 | D:1      | Reached XP level 1. HP: 16/16 MP: 1/1
   248 | D:1      | XOM: silly message
   375 | D:1      | Reached XP level 2. HP: 8/21 MP: 2/2
   380 | D:1      | HP: 1/21 [something (2)]
   381 | D:1      | Slain by a jackal

Illustrated notes

Levels and vault maps discovered:
D:1:      nzn_arrival_water_spiral, layout_basic

Action                   || total
-------------------------++-------
Melee: Falchion          ||    17
       Constrict         ||     4
       Tentacles         ||     1
Armor: Skin              ||     6
Dodge: Dodged            ||     7
       Rpst.: Falchion   ||     2

Table legend: (Time is in decaauts)
 A = Elapsed time spent in this place.
 B = Non-inter-level travel time spent in this place.
 C = Inter-level travel time spent in this place.
 D = Time resting spent in this place.
 E = Time spent auto-exploring this place.
 F = Levels seen in this place.
 G = Mean time per level.
                   A        B        C        D        E       F      G
               +--------+--------+--------+--------+--------+-----+--------+
         Total |    382 |    382 |      0 |      0 |    326 |   1 |  382.0 |
       Dungeon |    382 |    382 |      0 |      0 |    326 |   1 |  382.0 |
               +--------+--------+--------+--------+--------+-----+--------+

Top non-repeatable levels by time:
     D:1: 382 daAuts
